 Dungeon Crawl Stone Soup version 0.23.2-1-ga50397a (webtiles) character file.

Game seed: 18131458497073888546

300 cab the Digger (level 6, 0/32 HPs)
             Began as a Gargoyle Earth Elementalist on May 26, 2019.
             Slain by an orc
             ... wielding a +0 trident
              (3 damage)
             ... on level 6 of the Dungeon.
             The game lasted 00:13:48 (3655 turns).

cab the Digger (Gargoyle Earth Elementalist)        Turns: 3655, Time: 00:13:49

Health: 0/32       AC:  7    Str: 12    XL:     6   Next: 36%
Magic:  3/12       EV: 12    Int: 17    God:
Gold:   186        SH:  0    Dex: 10    Spells: 9/13 levels left

rFire    . . .     SeeInvis .   k - +0 morningstar
rCold    . . .     Gourm    .   (no shield)
rNeg     + . .     Faith    .   c - +1 robe
rPois    ∞         Spirit   .   (no helmet)
rElec    +         Reflect  .   (no cloak)
rCorr    .         Harm     .   (no gloves)
MR       .....                  (no boots)
Stlth    ++........             e - amulet of regeneration
HPRegen  0.50/turn              (no ring)
MPRegen  0.13/turn              (no ring)

@: no status effects
A: negative energy resistance 1, electricity resistance, unbreathing,
petrification resistance, rot immunity, AC +4
a: no special abilities


You were on level 6 of the Dungeon.
You were hungry.

You visited 1 branch of the dungeon, and saw 6 of its levels.

You collected 186 gold pieces.

Inventory:

Hand Weapons
 k - a +0 morningstar (weapon)
Missiles
 b - 61 stones (quivered)
Armour
 c - a +1 robe (worn)
 q - a +0 leather armour
Jewellery
 e - an amulet of regeneration (around neck)
 f - an uncursed ring of stealth {unknown}
 g - an uncursed ring of poison resistance
 i - a +4 ring of strength
 o - an uncursed amulet of rage {unknown}
 s - an uncursed ring of flight
Scrolls
 a - 3 scrolls of enchant armour
 h - 2 scrolls of fog {unknown}
 m - 2 scrolls of teleportation
 r - a scroll of immolation {unknown}
 u - a scroll of remove curse
 w - a scroll of magic mapping
Potions
 j - 5 potions of curing
 l - a potion of agility
 n - a potion of haste
 p - a potion of might
 t - a potion of degeneration {unknown}
 v - a potion of magic {unknown}
Comestibles
 d - 11 rations


   Skills:
 - Level 0.1 Fighting
 - Level 0.8 Maces & Flails
 - Level 1.5 Dodging
 - Level 2.1 Stealth
 + Level 4.1 Spellcasting
 * Level 2.1 Conjurations
   Level 0.7 Transmutations
 + Level 6.0 Earth Magic


You had 9 spell levels left.
You knew the following spells:

 Your Spells              Type           Power        Failure   Level  Hunger
a - Sandblast             Erth           ###...       1%          1    None
b - Stone Arrow           Conj/Erth      ###...       9%          3    ###....

Your spell library contained the following spells:

 Spells                   Type           Power        Failure   Level  Hunger
 Passwall                 Tmut/Erth      ###.....     6%          2    ##.....
 Lee's Rapid Deconstruct  Erth           ###.......   34%         5    ######.
 Petrify                  Tmut/Erth      ###.....     36%         4    ####...


Dungeon Overview and Level Annotations

Branches:
Dungeon (7/15)
 Temple: D:4-7

Altars:
Sif Muna
The Shining One

Annotations:
D:7 2 runed translucent doors


Innate Abilities, Weirdness & Mutations

You are resistant to torment.
Your stone body is resilient. (AC +4)
You are immune to poison.
You resist negative energy. (rN+)
You are resistant to electric shocks. (rElec)
You can survive without breathing.
You are immune to petrification.
You are immune to rotting.


Message History

Aim: an orc, wielding a +0 mace and wearing a +0 leather armour The blast of sand hits the orc!
You kill the orc!
b - 62 stones The hound bites you.
* * * LOW HITPOINT WARNING * * *
The orc misses you.
The hound pauses to sniff the ground.
The hound bites you.
* * * LOW HITPOINT WARNING * * *
Casting: Sandblast (safe; 1% risk of failure)
Confirm with . or Enter, or press ? or * to list all spells.
Aiming: Sandblast (safe; 1% risk of failure)
Press: ? - help, Shift-Dir - straight line, f - hound
Aim: a hound The blast of sand misses the hound.
b - 61 stones The hound bites you but does no damage.
The orc hits you from afar with a +0 trident.
You die...

#.########
#....)...#
#..>..@).#
##...h)[.#
#......o...
#.......####
#.......#
#.......#
#.......#
#.......#


You could see a hound and an orc.

Vanquished Creatures
  3 orc priests
  2 orc wizards (D:4)
  7 adders
  An ooze (D:3)
  An adder zombie (D:7)
  A worm (D:3)
  A dart slug (D:2)
  2 leopard geckos
  6 orcs
  5 bats
  2 giant cockroaches
  8 goblins
  8 hobgoblins
  11 jackals
  A quokka (D:3)
  4 frilled lizards
  A jackal skeleton (D:3)
  8 kobolds
  3 rats
75 creatures vanquished.

Notes
Turn   | Place    | Note
-------+----------+-------------------------------------------
     0 | D:1      | cab the Gargoyle Earth Elementalist began the quest for the
                  | Orb.
     0 | D:1      | Reached XP level 1. HP: 10/10 MP: 3/3
    52 | D:1      | Reached skill level 4 in Earth Magic
   333 | D:1      | Reached XP level 2. HP: 15/15 MP: 3/5
   865 | D:1      | Reached XP level 3. HP: 19/19 MP: 3/6
  1871 | D:2      | Found a deep blue altar of Sif Muna.
  1948 | D:2      | Reached XP level 4. HP: 24/24 MP: 3/8
  2016 | D:2      | Learned a level 3 spell: Stone Arrow
  2022 | D:2      | Found a glowing golden altar of the Shining One.
  2549 | D:3      | Reached skill level 5 in Earth Magic
  3035 | D:3      | Reached XP level 5. HP: 28/28 MP: 9/9
  3176 | D:3      | Reached skill level 1 in Conjurations
  3450 | D:4      | Reached XP level 6. HP: 26/32 MP: 4/11
  3577 | D:4      | You fall through a shaft for 3 floors!
  3601 | D:7      | Found a large runed translucent door.
  3601 | D:7      | Found a large runed translucent door.
  3652 | D:6      | Reached skill level 6 in Earth Magic
  3655 | D:6      | Slain by an orc

Skill      XL: |  1  2  3  4  5  6 |
---------------+-------------------+-----
Earth Magic    | 4 5 6 |  6.0
Spellcasting   | 3 4 |  4.1
Conjurations   | 1 2 |  2.1
Fighting       | |  0.1
Maces & Flails | |  0.8
Dodging        | |  1.5
Stealth        | |  2.1
Transmutations | |  0.7

Action                   |  1- 3 |  4- 6 || total
-------------------------+-------+-------++-------
Melee: Unarmed           |    13 |       ||    13
       Club              |    27 |    43 ||    70
 Cast: Sandblast         |    38 |    61 ||    99
  Use: Scroll            |     5 |     7 ||    12
 Stab: Sleeping          |     1 |       ||     1
  Eat: Chunk             |     1 |     4 ||     5
       Ration            |     1 |       ||     1
Armor: Robe              |    18 |    29 ||    47
Dodge: Dodged            |    37 |    40 ||    77
